 Dungeon Crawl Stone Soup version 0.22-a0-587-g7d32d7c7ae (webtiles) character file.

151 Kholdaimon the Shield-Bearer (level 5, -7/46 HPs)
             Began as a Minotaur Fighter on July 4, 2018.
             Mangled by Sigmund
             ... wielding a +0 scythe
              (8 damage)
             ... on level 3 of the Dungeon.
             The game lasted 00:05:24 (1900 turns).

Kholdaimon the Shield-Bearer (Minotaur Fighter)     Turns: 1900, Time: 00:05:25

Health: -7/46      AC:  7    Str: 25    XL:     5   Next: 10%
Magic:  4/4        EV:  8    Int:  6    God:
Gold:   126        SH:  0    Dex: 10    Spells: 4/4 levels left

rFire    . . .     SeeInvis .   a - +0 war axe
rCold    . . .     Gourm    .   c - +0 shield
rNeg     . . .     Faith    .   b - +0 scale mail
rPois    .         Spirit   .   (helmet restricted)
rElec    .         Reflect  .   (no cloak)
rCorr    .         Harm     .   (no gloves)
MR       .....                  (no boots)
Stlth    ..........             (no amulet)
HPRegen  0.15/turn              (no ring)
MPRegen  0.09/turn              (no ring)

@: confused, mighty
A: retaliatory headbutt, horns 2
a: no special abilities


You were on level 3 of the Dungeon.
You were not hungry.

You visited 1 branch of the dungeon, and saw 3 of its levels.

You collected 126 gold pieces.

Inventory:

Hand Weapons
 a - a +0 war axe (weapon)
Missiles
 g - 41 stones (quivered)
 q - a throwing net
Armour
 b - a +0 scale mail (worn)
 c - a +0 shield (worn)
 n - a +0 chain mail
Scrolls
 e - 4 scrolls of remove curse {unknown}
 h - 5 scrolls of identify {unknown}
 j - 3 scrolls of magic mapping {unknown}
 m - a scroll of immolation {unknown}
 p - a scroll of teleportation {unknown}
Potions
 d - 2 potions of might
 k - a potion of curing {unknown}
 l - a potion of brilliance {unknown}
 o - 3 potions of flight {unknown}
 r - a potion of invisibility {unknown}
Comestibles
 f - 5 rations
 i - 8 chunks of flesh


   Skills:
 - Level 4.0 Fighting
 + Level 4.6 Axes
 - Level 4.0 Armour
 + Level 5.3 Shields


You had 4 spell levels left.
You didn't know any spells.
Your spell library was empty.

Dungeon Overview and Level Annotations

Branches:
Dungeon (3/15)

Altars:
Sif Muna

Annotations:
D:3 Sigmund


Innate Abilities, Weirdness & Mutations

You reflexively headbutt those who attack you in melee.
You have a pair of horns on your head.


Message History

* * * LOW HITPOINT WARNING * * *
You miss something.
You hear some strange, mumbled words.
Something tries to affect you, but you resist.
Your shield prevents you from hitting something.
Something hits you.
* * * LOW HITPOINT WARNING * * *
You miss something. You headbutt something.
Something hits you but does no damage.
You closely miss something. You headbutt something.
You hear some strange, mumbled words.
You are confused.
You closely miss something. Something hits you but does no damage.
You miss something. Something hits you but does no damage.
You bump into the rock wall.
Something hits you!
* * * LOW HITPOINT WARNING * * *
You closely miss something. You headbutt something.
You feel very mighty all of a sudden. Something hits you!
You die...

#<รท......######.# #..#
#......#.######.###..#
#...........).......###
#####...#######........
###..## ###..######
#..>..# ##....# #.#####
#..##.# ### #####.# #@#
#{# ... ##.## #.# .%.
#.. ##.


There were no monsters in sight!

Vanquished Creatures
  A jelly (D:2)
  4 gnolls (D:2)
  An ooze (D:1)
  A worm (D:2)
  2 dart slugs (D:2)
  4 leopard geckos
  2 ball pythons
  A giant cockroach (D:3)
  7 goblins
  7 hobgoblins
  11 jackals
  2 quokkas (D:3)
  6 bats
  4 frilled lizards
  9 kobolds
  4 rats
66 creatures vanquished.

Notes
Turn   | Place    | Note
-------+----------+-------------------------------------------
     0 | D:1      | Kholdaimon the Minotaur Fighter began the quest for the Orb.
     0 | D:1      | Reached XP level 1. HP: 19/19 MP: 0/0
   138 | D:1      | Reached XP level 2. HP: 26/27 MP: 1/1
   273 | D:1      | Reached skill level 4 in Shields
   355 | D:1      | Reached XP level 3. HP: 33/33 MP: 2/2
  1132 | D:2      | Found a deep blue altar of Sif Muna.
  1162 | D:2      | Reached XP level 4. HP: 36/40 MP: 3/3
  1270 | D:2      | Reached skill level 5 in Shields
  1821 | D:3      | Reached XP level 5. HP: 44/46 MP: 4/4
  1875 | D:3      | Noticed Sigmund
  1898 | D:3      | HP: 1/46 [something (7)]
  1900 | D:3      | Mangled by Sigmund

Vault maps used:
D:1:      dpeg_arrival_chambers_temple_mockup, hex_large, st_stairs_9,
          glass_columns_b, minmay_pentomino_q2
D:2:      lemuel_round_altar, hex_intersection
D:3:      grunt_qazlal_clouds, first_ration, chequers_ecumenical_altar_lobes,
          uniq_sigmund

Skill      XL: |  1  2  3  4 |
---------------+-------------+-----
Armour         | 4 |  4.0
Fighting       | 4 |  4.0
Axes           | 3 4 |  4.6
Shields        | 4 5 |  5.3

Action                   |  1- 3 |  4- 6 || total
-------------------------+-------+-------++-------
Melee: War axe           |    96 |    65 ||   161
       Headbutt          |    13 |    14 ||    27
  Use: Potion            |       |     1 ||     1
  Eat: Chunk             |     1 |     2 ||     3
Armor: Scale mail        |    49 |    27 ||    76
Dodge: Dodged            |    31 |    12 ||    43
Block: Shield            |    50 |    31 ||    81

Table legend:
 A = Spawn XP
 B = Non-spawn XP
 C = Spawn XP percentage of total XP
 D = Spawn monster count
 E = Non-spawn monster count
 F = Spawn count percentage of total count
 G = Total turns spent on level
                    A         B        C        D         E        F      G
               +---------+---------+-------+---------+---------+-------+---------
         Total |       0 |     216 |   0.0 |       0 |      66 |   0.0 |  1900
               +---------+---------+-------+---------+---------+-------+---------
           D:1 |       0 |      66 |   0.0 |       0 |      34 |   0.0 |   855
           D:2 |       0 |     125 |   0.0 |       0 |      18 |   0.0 |   930
           D:3 |       0 |      25 |   0.0 |       0 |      14 |   0.0 |   115
               +---------+---------+-------+---------+---------+-------+---------
